 Dungeon Crawl Stone Soup version 0.31.0-32-g396128a36d (webtiles) character file.

Game seed: 7872466825888873285

1539 GraveWhisperer the Trooper (level 8, -2/78 HPs)
             Began as a Naga Shapeshifter on Mar 31, 2024.
             Was an Initiate of Gozag.
             Splashed by a jelly's acid (3 damage)
             ... on level 6 of the Dungeon.
             The game lasted 00:07:04 (5899 turns).

GraveWhisperer the Trooper (Naga Shapeshifter)      Turns: 5899, Time: 00:07:04

Health: -2/78      AC: -6    Str: 17    XL:     8   Next: 86%
Magic:  9/9        EV:  8    Int: 12    God:    Gozag
Gold:   271        SH:  0    Dex: 11    Spells: 6/9 levels left

rFire   + .          .
                       - Unarmed
rCold   . . .        (no shield)
rNeg    + . .        f - +4 ring mail
rPois   +            (helmet currently unavailable)
rElec   .            (cloak currently unavailable)
rCorr   .            (gloves currently unavailable)
SInv    +            (no barding)
Will    +....        (no amulet)
Stlth   +            F - ring of protection from fire
HPRegen 0.33/turn    N - ring of positive energy
MPRegen 0.11/turn

%: no passive effects
@: beast-form, corroded, very slow
A: beast (slay +3), AC +2, large, see invisible, deformed body, poison
resistance, slowness 2, spit poison 1, naga tail 1
a: Spit Poison, Begin Untransformation, Renounce Religion, Potion Petition, Call
Merchant, Bribe Branch


You were on level 6 of the Dungeon.
You worshipped Gozag.
Gozag was aware of your devotion.
You were a hulking beast.
You visited 1 branch of the dungeon, and saw 6 of its levels.

You collected 337 gold pieces.
You paid 66 gold pieces to Gozag.


Innate Abilities, Weirdness & Mutations

You are a hulking beast.
Your limbs bulge with bestial killing power. (Slay +3)
Your serpentine skin is tough. (AC +2)
You have supernaturally acute eyesight. (SInv)
Armour fits poorly on your strangely shaped body.
Your system is resistant to poisons. (rPois)
You cover ground very slowly.
You can spit poison.
You have a snake-like lower body.


   Skills:
 + Level 6.6 Fighting
 - Level 1.5 Dodging
 + Level 5.8 Unarmed Combat
 - Level 1.0 Spellcasting
 + Level 1.7 Necromancy
 + Level 6.5 Shapeshifting


You had 6 spell levels left.
You knew the following spells:

 Your Spells              Type           Power      Damage    Failure   Level
f - Fugue of the Fallen   Necr           4%         N/A       63%         3

Your spell library contained the following spells:

 Spells                   Type           Power      Damage    Failure   Level
 Slow                     Hex            0%         N/A       50%         1
 Ensorcelled Hibernation  Hex/Ice        0%         N/A       63%         2
 Vampiric Draining        Necr           4%         2d6       63%         3
 Confusing Touch          Hex            0%         N/A       86%         3
 Gell's Gravitas          Tloc           0%         N/A       86%         3
 Sigil of Binding         Hex            0%         N/A       86%         3
 Teleport Other           Tloc           0%         N/A       86%         3
 Anguish                  Hex/Necr       1%         N/A       98%         4
 Dispersal                Tloc           0%         N/A       100%        6

Inventory:

Missiles
 e - 33 stones (quivered)
 g - a throwing net {=f}
Armour
 f - a +4 ring mail (worn)
 r - a +0 helmet
 w - +0 acid dragon scales
Jewellery
 F - a ring of protection from fire (left hand)
 N - a ring of positive energy (right hand)
Talismans
 c - a beast talisman
 d - a flux talisman
Wands
 o - a wand of digging (6)
 s - a wand of polymorph (6)
Scrolls
 a - 3 scrolls of enchant weapon {unknown}
 h - 3 scrolls of identify {unknown}
 i - a scroll of amnesia {unknown}
 k - 2 scrolls of teleportation {unknown}
 l - a scroll of noise {unknown}
 m - a scroll of revelation {unknown}
 p - a scroll of poison {unknown}
 q - a scroll of fog {unknown}
 t - a scroll of enchant armour {unknown}
 u - a scroll of fear {unknown}
Potions
 b - a potion of lignification
 j - a potion of might {unknown}
 n - a potion of heal wounds {unknown}
 v - a potion of resistance {unknown}

Dungeon Overview and Level Annotations

Branches:
Dungeon (6/15)
 Temple: D:4-7

Altars:
Ashenzari
Cheibriados
Dithmenos
Fedhas
Gozag
Zin

▓ ▓▓+▓## ▓.
..▓.##
▓.▒▒▒.▓..##
▓.....▓...####.
+..⚑..'hJ......
▓.....▓...####.
▓.▒▒▒.▓.......
▓....)▓..###...
▓+▓▓▓'▓#.# #.
#.##.'# .#
#.....# ..
#####.# ##
##.##


You could see a jelly.


Message History

You are too injured to fight recklessly!
You are too injured to fight recklessly!
You are too injured to fight recklessly!
Unknown command.
Unknown command.
You hit the jelly but do no damage. The acid corrodes you!
Your hands burn!
* * * LOW HITPOINT WARNING * * *
The jelly is severely wounded.
The jelly hits you.
* * * LOW HITPOINT WARNING * * *
You are splashed with acid!
* * * LOW HITPOINT WARNING * * *
You hit the jelly but do no damage.
Your hands burn!
* * * LOW HITPOINT WARNING * * *
You punch the jelly.
The jelly is severely wounded.
You hit the jelly.
Your hands burn!
* * * LOW HITPOINT WARNING * * *
The jelly is severely wounded.
The jelly barely misses you.
You hit the jelly but do no damage. The acid corrodes you!
Your hands burn!
* * * LOW HITPOINT WARNING * * *
The jelly is severely wounded.
The jelly hits you.
* * * LOW HITPOINT WARNING * * *
You are splashed with acid!
* * * LOW HITPOINT WARNING * * *
You hit the jelly but do no damage.
Your hands burn!
You die...
Your body crumbles into a pile of gold.

Skill      XL: |  1  2  3  4  5  6  7  8 |
---------------+-------------------------+-----
Fighting       | 2 3 4 5 6 |  6.6
Shapeshifting  | 4 5 6 |  6.5
Unarmed Combat | 4 5 |  5.8
Necromancy     | 1 |  1.7
Spellcasting   | 1 |  1.0
Dodging        | |  1.5

Action                     |  1- 3 |  4- 6 |  7- 9 || total
---------------------------+-------+-------+-------++-------
  Melee: Unarmed           |    71 |   137 |   208 ||   416
         Punch             |     2 |     4 |     6 ||    12
  Throw: Stone             |     2 |       |       ||     2
Ability: Spit Poison       |     5 |     1 |     1 ||     7
  Evoke: Wand              |       |       |     1 ||     1
    Use: Potion            |       |       |     1 ||     1
 Armour: Animal skin       |     3 |       |       ||     3
         Ring mail         |    49 |   111 |   137 ||   297
         Skin              |       |       |    24 ||    24
  Dodge: Dodged            |    40 |    34 |    43 ||   117

Levels and vault maps discovered:
D:1:      dpeg_arrival_tiny_i, layout_basic
D:2:      layout_basic, minmay_split_cup_large, uniq_natasha
D:3:      layout_rooms, zin_statuary, nicolae_dithmenos_through_a_glass_darkly,
          general_overflow_altar, minmay_pentangle
D:4:      cheibrodos_helix_gallery, layout_loops_ring,
          mainiacjoe_overflow_paths, uniq_robin, uniq_edmund, uniq_blork_the_orc
D:5:      layout_layer_cave, overflow_temple_1_default
D:6:      layout_loops_corners, kennysheep_little_box,
          mainiacjoe_overflow_six_doors_small,
          minmay_temple_entry_statues_pillars, hellmonk_ghost_happy_afterlife,
          uniq_jeremiah, uniq_maggie

Notes
Turn   | Place    | Note
-------+----------+-------------------------------------------
     0 | D:1      | GraveWhisperer the Naga Shapeshifter began the quest for
                  | the Orb.
     0 | D:1      | Reached XP level 1. HP: 18/18 MP: 1/1
   563 | D:1      | Reached skill level 2 in Fighting
   563 | D:1      | Reached XP level 2. HP: 26/26 MP: 2/2
   674 | D:2      | Reached skill level 3 in Fighting
   674 | D:2      | Reached XP level 3. HP: 34/34 MP: 3/3
  1044 | D:2      | Noticed Natasha
  1050 | D:2      | Killed Natasha
  1051 | D:2      | Reached XP level 4. HP: 38/42 MP: 4/4
  1180 | D:2      | Noticed Natasha
  1189 | D:2      | Killed Natasha
  1363 | D:2      | Noticed Natasha
  1382 | D:2      | Killed Natasha
  1383 | D:2      | Reached XP level 5. HP: 25/50 MP: 5/5
  2289 | D:3      | Reached skill level 4 in Fighting
  2353 | D:3      | Reached skill level 4 in Shapeshifting
  2428 | D:3      | Found a shadowy altar of Dithmenos.
  2463 | D:3      | Found a blossoming altar of Fedhas.
  2535 | D:3      | Found a glowing silver altar of Zin.
  2731 | D:4      | Noticed Robin
  2753 | D:4      | Noticed an ogre
  2766 | D:4      | Killed an ogre
  2767 | D:4      | Reached XP level 6. HP: 28/58 MP: 6/6
  2889 | D:4      | You fall into a shaft and drop 1 floor!
  2889 | D:5      | Entered Level 5 of the Dungeon
  3425 | D:5      | Noticed a black bear
  3437 | D:5      | Killed a black bear
  3438 | D:5      | Reached skill level 5 in Fighting
  3438 | D:5      | Reached skill level 4 in Unarmed Combat
  3438 | D:5      | Reached skill level 5 in Shapeshifting
  3438 | D:5      | Reached XP level 7. HP: 49/67 MP: 7/7
  3857 | D:4      | Noticed Blork the orc
  3870 | D:4      | Noticed Edmund
  3871 | D:4      | Killed Blork the orc
  3895 | D:4      | Killed Edmund
  3896 | D:4      | Reached skill level 5 in Unarmed Combat
  3896 | D:4      | Reached XP level 8. HP: 39/76 MP: 8/8
  3901 | D:4      | Killed Robin
  4107 | D:4      | Reached skill level 6 in Fighting
  4126 | D:4      | Reached skill level 6 in Shapeshifting
  4406 | D:4      | Found an opulent altar of Gozag.
  4429 | D:4      | Became a worshipper of Gozag Ym Sagoz the Greedy
  4917 | D:5      | Learned a level 3 spell: Fugue of the Fallen
  4920 | D:5      | Found a broken altar of Ashenzari.
  4999 | D:5      | Reached skill level 1 in Necromancy
  5085 | D:5      | Reached skill level 1 in Spellcasting
  5796 | D:6      | Noticed Maggie
  5797 | D:6      | Maggie changed into Maggie the centaur
  5797 | D:6      | Noticed Maggie
  5804 | D:6      | Killed Maggie the centaur
  5805 | D:6      | Found a snail-covered altar of Cheibriados.
  5898 | D:6      | HP: 1/78 [acid (8)]
  5899 | D:6      | Splashed by a jelly's acid

Vanquished Creatures
  Edmund (D:4)
  2 ice beasts (D:5)
  A black bear (D:5)
  2 ogres (D:4)
  A centaur (D:6)
  2 phantoms (D:5)
  Blork the orc (D:4)
  A scorpion (D:4)
  A howler monkey (D:5)
  4 hounds
  5 iguanas
  4 orc wizards
  Natasha (thrice) (D:2)
  Robin (D:4)
  8 adders
  2 dart slugs
  A ribbon worm (D:2)
  17 orcs
  4 ball pythons
  7 endoplasms
  14 goblins
  7 hobgoblins
  2 jackals (D:4)
  5 kobolds
  3 quokkas
  7 bats
  3 frilled lizards
  4 rats
113 creatures vanquished.

Table legend: (Time is in decaauts)
 A = Elapsed time spent in this place.
 B = Non-inter-level travel time spent in this place.
 C = Inter-level travel time spent in this place.
 D = Time resting spent in this place.
 E = Time spent auto-exploring this place.
 F = Levels seen in this place.
 G = Mean time per level.
                   A        B        C        D        E       F      G
               +--------+--------+--------+--------+--------+-----+--------+
         Total |   7355 |   7155 |    200 |    937 |   5285 |   6 | 1225.8 |
       Dungeon |   7355 |   7155 |    200 |    937 |   5285 |   6 | 1225.8 |
               +--------+--------+--------+--------+--------+-----+--------+

Top non-repeatable levels by time:
     D:5: 2060 daAuts
     D:2: 1881 daAuts
     D:4: 1606 daAuts
     D:3: 944 daAuts
     D:1: 749 daAuts
     D:6: 113 daAuts

Table legend:
 A = Non-vault XP
 B = Vault XP
 C = Vault XP percentage of total XP
 D = Non-vault monster count
 E = Vault monster count
 F = Vault count percentage of total count
                 A         B        C        D         E       F
            +---------+---------+-------+---------+---------+-------
      Total |    1686 |     513 |  23.3 |      82 |      31 |  27.4
            +---------+---------+-------+---------+---------+-------
        D:1 |      13 |       0 |   0.0 |       8 |       0 |   0.0
        D:2 |      99 |      65 |  39.6 |      16 |       5 |  23.8
        D:3 |      24 |      18 |  42.9 |       9 |      10 |  52.6
        D:4 |     564 |     320 |  36.2 |      27 |      15 |  35.7
        D:5 |     986 |       0 |   0.0 |      22 |       0 |   0.0
        D:6 |       0 |     110 | 100.0 |       0 |       1 | 100.0
            +---------+---------+-------+---------+---------+-------
